 Dungeon Crawl Stone Soup version 0.31.0-9-g3a7656b989 (webtiles) character file.

Game seed: 8124590032941367532

136 qw the Shooter (level 4, -1/23 HPs)
             Began as a Spriggan Hunter on Feb 2, 2024.
             Slain by a gnoll
             ... wielding a +0 whip
              (6 damage)
             ... on level 3 of the Dungeon.
             The game lasted 00:00:06 (1877 turns).

qw the Shooter (Spriggan Hunter)                    Turns: 1877, Time: 00:00:06

Health: -1/23      AC:  2    Str:  7    XL:     4   Next: 98%
Magic:  5/5        EV: 20    Int: 10    God:
Gold:   150        SH:  0    Dex: 20    Spells: 3/3 levels left

rFire   . . .        a - +0 shortbow
rCold   . . .        (shield currently unavailable)
rNeg    . . .        c - +0 robe
rPois   .            (helmet restricted)
rElec   .            (no cloak)
rCorr   .            (gloves unavailable)
SInv    +            (boots unavailable)
Will    .....        (no amulet)
Stlth   ++           (no ring)
HPRegen 0.23/turn    (no ring)
MPRegen 0.09/turn

%: no passive effects
@: very quick
A: very small, no large weapons, unfitting armour, see invisible, speed 3
a: no special abilities


You were on level 3 of the Dungeon.
You visited 1 branch of the dungeon, and saw 3 of its levels.

You collected 150 gold pieces.


Innate Abilities, Weirdness & Mutations

You are very small and have problems with some larger weapons.
You are too small for most types of armour.
You have supernaturally acute eyesight. (SInv)
You cover ground extremely quickly. (Speed+++)


   Skills:
 - Level 2.0 Fighting
 + Level 5.2 Ranged Weapons
 - Level 5.0 Dodging
 - Level 1.5 Stealth


You had 3 spell levels left.
You didn't know any spells.
Your spell library was empty.

Inventory:

Hand Weapons
 a - a +0 shortbow (weapon)
Armour
 c - a +0 robe (worn)
Jewellery
 d - a +6 ring of strength
Potions
 b - a potion of haste
 e - a potion of curing
 g - a potion of resistance {unknown}

Dungeon Overview and Level Annotations

Branches:
Dungeon (3/15)

Altars:
Dithmenos
Ru

Shops:
D:2 :


Message History

There is an open door here.
An endoplasm comes into view.
You shoot an arrow. The endoplasm quivers.
The arrow hits the endoplasm.
The endoplasm is lightly wounded.
You shoot an arrow. The arrow hits the endoplasm.
The endoplasm is severely wounded.
You shoot an arrow. The arrow hits the endoplasm.
You kill the endoplasm!
There is an open door here.
You see here a ribbon worm corpse.
You now have 150 gold pieces (gained 10).
Found a stone staircase leading down.
There is a stone staircase leading down here.
Found a runed leather armour. 2 gnolls come into view.
A gnoll is wielding a +0 flail and quivering a throwing net.
You shoot an arrow. The arrow hits the gnoll.
The gnoll shouts!
The gnoll is moderately wounded.
The gnoll shouts!
You hear a shout!
A gnoll comes into view. It is wielding a +0 club.
A gnoll comes into view. It is wielding a +0 whip.
You shoot an arrow. The arrow hits the gnoll.
The gnoll is heavily wounded.
You shoot an arrow. The arrow hits the gnoll.
The gnoll is almost dead.
The gnoll hits you with a +0 flail!
You shoot an arrow. The arrow closely misses the gnoll.
The gnoll closely misses you. The gnoll misses you.
You shoot an arrow. The arrow completely misses the gnoll.
The gnoll misses you. The gnoll hits you with a +0 flail!
You shoot an arrow. The arrow hits the gnoll!
You kill the gnoll!
The gnoll barely misses you.
You shoot an arrow.
The arrow hits the gnoll but does no damage.
The gnoll closely misses you. The gnoll hits you with a +0 whip.
You die...

##.####### #.#
#.......## ## #.#
#........# #. #.#
#.#####..# # #. #.#
#....##..# #. #. #.#
#.##.##..# #..#.###.#
#.##.....#
###........####........#
......g@...............+
###[.gg##########...#.##
##.#. ##.##.## # #.
####.## #. #...... #.
#.##.#. #. #.##.#. ..
#.##.#. #.##...


You could see 3 gnolls.

Vanquished Creatures
  Terence (D:2)
  Natasha (D:2)
  A gnoll (D:3)
  2 adders
  3 dart slugs
  A ribbon worm (D:3)
  5 endoplasms
  2 giant cockroaches (D:1)
  4 goblins
  3 hobgoblins
  8 jackals
  2 quokkas (D:1)
  2 ball pythons (D:1)
  2 bats (D:2)
  4 frilled lizards
  3 kobolds
  4 rats
48 creatures vanquished.

Notes
Turn   | Place    | Note
-------+----------+-------------------------------------------
     0 | D:1      | qw the Spriggan Hunter began the quest for the Orb.
     0 | D:1      | Reached XP level 1. HP: 10/10 MP: 2/2
     0 | D:1      | 0 ||| qw: Version: 0.3-a-155-g5e7d8dd
     0 | D:1      | 0 ||| qw: Game counter: 1914
     0 | D:1      | 0 ||| qw: Melee chars always use a shield: true
     0 | D:1      | 0 ||| qw: God list: Okawaru
     0 | D:1      | 0 ||| qw: Allow faded altars: false
     0 | D:1      | 0 ||| qw: Do Orc after clearing Dungeon:15 true
     0 | D:1      | 0 ||| qw: Do second Lair branch before Depths: true
     0 | D:1      | 0 ||| qw: Lair rune preference: random
     0 | D:1      | 0 ||| qw: Goals: Normal
     0 | D:1      | 0 ||| PLANNING D:1-11
    57 | D:1      | Reached skill level 3 in Dodging
   236 | D:1      | Reached XP level 2. HP: 14/14 MP: 3/3
   819 | D:1      | 819 ||| DROPPING +6 ring of intelligence.
   820 | D:1      | 820 ||| READING scroll labelled BUNESO RISEHI.
   824 | D:1      | 824 ||| READING scroll labelled WIR VEEREBLAOW.
   824 | D:1      | 824 ||| IDENTIFYING inky potion
   825 | D:1      | 825 ||| DROPPING scroll of butterflies.
   833 | D:2      | 833 ||| STAIRDANCE
   838 | D:1      | Reached XP level 3. HP: 17/18 MP: 4/4
   938 | D:2      | Found Avuoxzos's Book Emporium.
   970 | D:2      | Found a faded altar of an unknown god.
   975 | D:2      | 975 ||| READING scroll labelled IGESHINW QEKK.
  1044 | D:2      | Noticed Natasha
  1051 | D:2      | Killed Natasha
  1063 | D:2      | Noticed Terence
  1080 | D:2      | Killed Terence
  1081 | D:2      | Reached XP level 4. HP: 13/22 MP: 5/5
  1136 | D:2      | Found a sacrificial altar of Ru.
  1579 | D:2      | 1579 ||| READING scroll labelled GUJEEGI WINNEUXO.
  1579 | D:2      | 1579 ||| ENCHANTING +0 shortbow.
  1580 | D:2      | 1580 ||| READING scroll labelled UNUDAR SAUHY.
  1581 | D:2      | 1581 ||| DRINKING 2 blue potions.
  1609 | D:3      | Found a shadowy altar of Dithmenos.
  1875 | D:3      | HP: 5/23 [gnoll/+0 flail (8)]
  1877 | D:3      | Slain by a gnoll

Levels and vault maps discovered:
D:1:      psy_arrival_terrarium, layout_loops_corners
D:2:      layout_rooms, basic_altar, shapermc_ecumenical_altar_venn,
          serial_glass, glass_columns_a, glass_columns_c, serial_shops, shop,
          grunt_decor_clamped, minmay_door_square, minmay_tripent, uniq_terence,
          uniq_natasha
D:3:      layout_loops_corners, grunt_dithmenos_smoke

Skill      XL: |  1  2  3  4 |
---------------+-------------+-----
Dodging        | 3 4 5 |  5.0
Ranged Weapons | 5 |  5.2
Fighting       | 2 |  2.0
Stealth        | |  1.5

Action                     |  1- 3 |  4- 6 || total
---------------------------+-------+-------++-------
   Fire: Shortbow          |    80 |    69 ||   149
    Use: Scroll            |     3 |     2 ||     5
         Potion            |       |     1 ||     1
 Armour: Robe              |    12 |    14 ||    26
  Dodge: Dodged            |    65 |    43 ||   108

Table legend:
 A = Non-vault XP
 B = Vault XP
 C = Vault XP percentage of total XP
 D = Non-vault monster count
 E = Vault monster count
 F = Vault count percentage of total count
                 A         B        C        D         E       F
            +---------+---------+-------+---------+---------+-------
      Total |     108 |      87 |  44.6 |      44 |       4 |   8.3
            +---------+---------+-------+---------+---------+-------
        D:1 |      49 |       0 |   0.0 |      20 |       0 |   0.0
        D:2 |      30 |      87 |  74.4 |      17 |       4 |  19.0
        D:3 |      29 |       0 |   0.0 |       7 |       0 |   0.0
            +---------+---------+-------+---------+---------+-------
